 Dungeon Crawl Stone Soup version 0.32-a0-834-geaf45d8e21 (webtiles) character file.

Game seed: 10926015025872232342

228170 mdonais the Slayer (level 19, -13/234 HPs)
             Began as an Oni Gladiator on Mar 25, 2024.
             Was a High Priest of Okawaru.
             Incinerated by a sun moth (17 damage)
             ... with a flurry of pyrophoric scales
             ... on level 4 of the Spider Nest on Mar 26, 2024.
             The game lasted 02:12:29 (41861 turns).

mdonais the Slayer (Oni Gladiator)                 Turns: 41861, Time: 02:12:29

Health: -13/234    AC: 20    Str: 26 (27) XL:     19   Next: 41%
Magic:  34/34      EV: 15    Int:  4 (5)  God:    Okawaru [*****.]
Gold:   2870       SH: 30    Dex: 11 (12) Spells: 18/18 levels left

rFire   . . .        a - +3 eveningstar "Yto Peus" {protect, rPois rCorr Stlth+}
rCold   + + .        S - +10 tower shield of Ignorance {rN+ Int-4}
rNeg    + + .        z - +2 pearl dragon scales
rPois   +            X - melded +0 hat {Int+3}
rElec   .            o - melded +2 cloak
rCorr   +            (gloves unavailable)
SInv    .            (boots unavailable)
Will    +....        j - amulet of faith
Stlth   +            s - ring of Itaefec {rC++ MP+9 EV+5 Stlth-}
HPRegen 0.59/turn    y - +4 ring of slaying
MPRegen 0.24/turn

%: faith
@: on fire, beast-form, heroic, glowing
A: beast (slay +4), large, unfitting armour, horns 1, tough skin 1, double
potion healing, drunken brawling
}: 1/15 runes: decaying
a: Begin Untransformation, Renounce Religion, Heroism, Finesse, Duel


You were on level 4 of the Spider Nest.
You worshipped Okawaru.
Okawaru was extremely pleased with you.
You were a hulking beast.
You visited 6 branches of the dungeon, and saw 31 of its levels.
You also visited: Sewer and Ice Cave.

You collected 3287 gold pieces.
You spent 417 gold pieces at shops.

Inventory:

Hand Weapons
 a - the +3 eveningstar "Yto Peus" (weapon) {protect, rPois rCorr Stlth+}
   (Okawaru gifted it to you on level 2 of the Lair of Beasts)

   rPois:     It protects you from poison.
   rCorr:     It protects you from acid and corrosion.
   Stlth+:    It makes you more stealthy.
Missiles
 t - 23 boomerangs
 v - 7 javelins
 w - 50 large rocks (quivered)
 x - 5 silver javelins
 F - 6 curare-tipped darts
 G - a datura-tipped dart
 J - 7 atropa-tipped darts
 K - 8 darts of dispersal
 Z - 3 throwing nets {=!f}
Armour
 o - a +2 cloak (melded)
   (You found it on level 1 of the Dungeon)
 z - +2 pearl dragon scales (worn)
   (Okawaru gifted it to you on level 2 of the Lair of Beasts)
 R - the +2 hat of the Bear Spirit {Spirit, Bear, *Rage Will++}
   (You found it on level 4 of the Swamp)

   Bear:      Going berserk makes the wearer exceptionally tough, and they are
   slowed for a shorter time afterward.
   Will++:    It greatly increases your willpower.
   *Rage:     It berserks you when you make melee attacks (+20% chance).
 S - the +10 tower shield of Ignorance (worn) {rN+ Int-4}
   (You found it on level 4 of the Lair of Beasts)

   Int-4:     It affects your intelligence (-4).
   rN+:       It protects you from negative energy.
 X - a +0 hat of intelligence (melded)
   (You found it in an ice cave)
Jewellery
 f - a ring of protection from fire
   (You found it on level 3 of the Spider Nest)
 j - an amulet of faith (around neck)
   (You found it on level 5 of the Dungeon)
 r - an amulet of regeneration
   (You found it on level 13 of the Dungeon)
 s - the ring of Itaefec (left hand) {rC++ MP+9 EV+5 Stlth-}
   (You found it on level 6 of the Dungeon)

   [ring of evasion]

   EV+5:      It affects your evasion (+5).
   rC++:      It greatly protects you from cold.
   MP+9:      It affects your magic capacity (+9).
   Stlth-:    It makes you less stealthy.
 y - a +4 ring of slaying (right hand)
   (You found it on level 8 of the Dungeon)
 E - a ring of flight
   (You found it in an ice cave)
Talismans
 m - a beast talisman (active)
   (You found it on level 5 of the Dungeon)
Wands
 h - a wand of roots (34)
   (You found it on level 6 of the Dungeon)
 A - a wand of acid (35)
   (You took it off Pikel on level 5 of the Dungeon)
 D - a wand of digging (11)
   (You found it on level 15 of the Dungeon)
 P - a wand of paralysis (54)
   (You took it off Maurice on level 8 of the Dungeon)
Scrolls
 c - 8 scrolls of fear
 i - 2 scrolls of silence
 p - 8 scrolls of poison
 q - 6 scrolls of fog
 B - 2 scrolls of blinking
 C - 5 scrolls of revelation
 L - 4 scrolls of immolation
 T - 23 scrolls of teleportation
 W - 6 scrolls of enchant armour
Potions
 b - a potion of berserk rage
 d - a potion of invisibility
 e - 4 potions of ambrosia
 g - 3 potions of cancellation
 k - 5 potions of enlightenment
 l - 6 potions of might
 n - 4 potions of resistance
 u - 3 potions of mutation
 H - 6 potions of haste
 M - 7 potions of attraction
 N - 5 potions of heal wounds
 Q - 9 potions of curing
Miscellaneous
 O - a lightning rod (4/4)
   (You found it in an ice cave)
 U - a phial of floods
   (You found it on level 4 of the Lair of Beasts)
 Y - a tin of tremorstones (inert)
   (You found it on level 14 of the Dungeon)


   Skills:
 + Level 24.1(27) Fighting
 - Level 12.0(17.0) Maces & Flails
 + Level 17.1(22.1) Throwing
 - Level 11.0(16.0) Armour
 - Level 6.0(11.0) Dodging
 - Level 2.0(7.0) Stealth
 - Level 15.0(20.0) Shields
 - Level 8.0 Invocations
 - Level 2.0 Evocations
 - Level 7.0 Shapeshifting


You had 18 spell levels left.
You didn't know any spells.
Your spell library contained the following spells:

 Spells                   Type           Power      Damage    Failure   Level
 Kiss of Death            Conj/Necr      0%         2d5       88%         1
 Sandblast                Erth           0%         2d4       88%         1
 Slow                     Hex            0%         N/A       88%         1
 Jinxbite                 Hex            0%         N/A       95%         2
 Lesser Beckoning         Tloc           0%         N/A       95%         2
 Searing Ray              Conj           0%         2d4       95%         2
 Static Discharge         Conj/Air       0%         3-3/arc   95%         2
 Confusing Touch          Hex            0%         N/A       99%         3
 Gell's Gravitas          Tloc           0%         N/A       99%         3
 Hailstorm                Conj/Ice       0%         3d5       99%         3
 Inner Flame              Hex/Fire       0%         N/A       99%         3
 Mephitic Cloud           Conj/Alch/Air  0%         N/A       99%         3
 Sigil of Binding         Hex            0%         N/A       99%         3
 Stone Arrow              Conj/Erth      0%         3d7       99%         3
 Teleport Other           Tloc           0%         N/A       99%         3
 Vampiric Draining        Necr           0%         2d6       99%         3
 Airstrike                Air            0%         2d(0-16)  100%        4
 Brom's Barrelling Bould  Conj/Erth      0%         2d3       100%        4
 Dimensional Bullseye     Hex/Tloc       0%         N/A       100%        4
 Dispel Undead            Necr           0%         3d6       100%        4
 Ignite Poison            Fire/Alch      0%         N/A       100%        4
 Leda's Liquefaction      Alch/Erth      0%         N/A       100%        4
 Passage of Golubria      Tloc           0%         N/A       100%        4
 Sticky Flame             Fire/Alch      0%         2d4       100%        4
 Fireball                 Conj/Fire      0%         3d3       100%        5
 Lee's Rapid Deconstruct  Erth           0%         3d4*      100%        5
 Silence                  Hex/Air        0%         N/A       100%        5
 Yara's Violent Unravell  Hex/Alch       0%         3d3       100%        5
 Permafrost Eruption      Ice/Erth       0%         2x4d2     100%        6
 Enfeeble                 Hex            0%         N/A       100%        7
 Ignition                 Fire           0%         3d3       100%        8
 Lehudib's Crystal Spear  Conj/Erth      0%         10d2      100%        8
 Call Canine Familiar     Summ           Unusable   N/A       N/A         3
 Summon Lightning Spire   Summ/Air       Unusable   N/A       N/A         4

Dungeon Overview and Level Annotations

Branches:
Dungeon (15/15) Zot: 24413  Temple (1/1) D:6 Zot: 5916    Lair (5/5) D:8 Zot: 22188
  Swamp (4/4) Lair:2 Zot: 19614  Spider (4/4) Lair:3 Zot: 18246   Slime (0/5) Lair:5
    Orc (2/2) D:10 Zot: 10210     Elf (0/3) Orc:2        Vaults (0/5) D:14
 Depths (0/4) D:15          Sewer (visited)           IceCv (visited)

Altars:
Ashenzari
Cheibriados
Dithmenos
Elyvilon
Fedhas
Gozag
Hepliaklqana
Kikubaaqudgha
Makhleb
Nemelex Xobeh
Okawaru
Qazlal
Ru
Sif Muna
Trog
Uskayaw
Vehumet
Wu Jian
Xom
Yredelemnul
Zin
The Shining One
Beogh
Jiyva

Shops:
Orc:2 :=!?

Annotations:
D:15 3 runed translucent doors, Boicepta's ghost, journeyman DsGl


Innate Abilities, Weirdness & Mutations

You are a hulking beast.
Your limbs bulge with bestial killing power. (Slay +4)
You are too large for most types of armour.
You have a pair of small horns on your head.
You have tough skin. (AC +1)
You gain doubled healing and magic from potions.
Whenever you drink a healing potion, you attack all around you.


Message History

The liquid fire burns you!
The emperor scorpion stings you but does no damage.
You block the emperor scorpion's attack. x2
The sun moth closely misses you.
You block the emperor scorpion's attack.
The emperor scorpion claws you but does no damage. x2
You take 12 damage, and have 163/234 hp.
You hit the emperor scorpion but do no damage.
You headbutt the emperor scorpion, but do no damage.
The emperor scorpion is heavily wounded.
The liquid fire burns you!
The sun moth's wings beat fiercely.
You block the flurry of pyrophoric scales.
You block the emperor scorpion's attack. x3
You closely miss the emperor scorpion. You headbutt the emperor scorpion.
The emperor scorpion is heavily wounded.
The liquid fire burns you! You block the sun moth's attack.
The emperor scorpion stings you.
You are poisoned.
The emperor scorpion poisons you!
The emperor scorpion claws you but does no damage.
You block the emperor scorpion's attack.
You take 24 damage, and have 139/234 hp.
You puncture the emperor scorpion!
You headbutt the emperor scorpion, but do no damage.
The emperor scorpion is severely wounded.
The liquid fire burns you!
You feel extremely sick. You block the sun moth's attack.
You block the emperor scorpion's attack. x3
The sun moth bites you!!
You take 36 damage, and have 103/234 hp.
You are too injured to fight recklessly!
You are too injured to fight recklessly!
You are too injured to fight recklessly!
You are too injured to fight recklessly!
You are too injured to fight recklessly!
You are too injured to fight recklessly!
You are too injured to fight recklessly!
You are too injured to fight recklessly!
You gain the combat prowess of a mighty hero.
The liquid fire burns you!
You feel extremely sick. The emperor scorpion stings you.
You block the emperor scorpion's attack. x2
The sun moth's wings beat fiercely.
You block the flurry of pyrophoric scales.
You block the emperor scorpion's attack.
The emperor scorpion barely misses you.
The emperor scorpion completely misses you.
You take 28 damage, and have 75/234 hp.
You now have 32/34 mp.
You hit the emperor scorpion.
The emperor scorpion is severely wounded.
The liquid fire burns you!
* * * LOW HITPOINT WARNING * * *
You feel very sick. You block the sun moth's attack.
You block the emperor scorpion's attack. x3
You take 10 damage, and have 65/234 hp.
You barely miss the emperor scorpion.
You headbutt the emperor scorpion, but do no damage.
The emperor scorpion is severely wounded.
The liquid fire burns you!
* * * LOW HITPOINT WARNING * * *
You feel very sick. You block the sun moth's attack.
You take 10 damage, and have 55/234 hp.
You puncture the emperor scorpion!
You headbutt the emperor scorpion, but do no damage.
The emperor scorpion is almost dead.
The liquid fire burns you!
* * * LOW HITPOINT WARNING * * *
You feel very sick.
You block the emperor scorpion's attack.
The emperor scorpion barely misses you.
You block the emperor scorpion's attack.
You block the sun moth's attack.
You take 9 damage, and have 46/234 hp.
You spit the emperor scorpion like a pig!!!
You kill the emperor scorpion!
Okawaru accepts your kill. The liquid fire burns you!
* * * LOW HITPOINT WARNING * * *
You feel sick. You block the sun moth's attack.
You take 6 damage, and have 40/234 hp.
You take a swig of the potion and twirl the +3 eveningstar "Yto Peus" {protect, rPois rCorr Stlth+}.
You hit the sun moth.
The sun moth is lightly wounded.
You savour every drop.
You feel better. The liquid fire burns you!
* * * LOW HITPOINT WARNING * * *
The sun moth's wings beat fiercely.
You block the flurry of pyrophoric scales.
You regained 7 hp, and now have 47/234 hp.
You perforate the sun moth like a sieve!!!
Your headbutt misses the sun moth.
The sun moth is severely wounded.
The liquid fire burns you!
* * * LOW HITPOINT WARNING * * *
You block the sun moth's attack.
You take 6 damage, and have 41/234 hp.
You closely miss the sun moth.
The sun moth is severely wounded.
The liquid fire burns you!
* * * LOW HITPOINT WARNING * * *
You take 7 damage, and have 34/234 hp.
You barely miss the sun moth.
The sun moth is severely wounded.
The liquid fire burns you!
* * * LOW HITPOINT WARNING * * *
The sun moth bites you but does no damage.
You take 9 damage, and have 25/234 hp.
You take a swig of the potion and twirl the +3 eveningstar "Yto Peus" {protect, rPois rCorr Stlth+}.
You puncture the sun moth!
The sun moth is severely wounded.
You savour every drop.
You feel much better. The liquid fire burns you!
* * * LOW HITPOINT WARNING * * *
You block the sun moth's attack.
The sun moth's wings beat fiercely.
The flurry of pyrophoric scales hits you.
You are even more covered in intense liquid fire!
You regained 20 hp, and now have 45/234 hp.
MP restored: 34 Blink to where?
Press: ? - help, Dir - move target
As you read the scroll of blinking, it crumbles to dust.
The liquid fire burns you!
* * * LOW HITPOINT WARNING * * *
You take 11 damage, and have 34/234 hp.
Throw: 51 large rocks
Press: ? - help, Q - select action, (/) - cycle Shift-Dir - straight line, f - sun moth
Aim: a sun moth (translocational energy, severely wounded, 75% to hit)
You throw a large rock. The large rock hits the sun moth!!!
You kill the sun moth!
Okawaru accepts your kill. The liquid fire burns you!
* * * LOW HITPOINT WARNING * * *
You take 5 damage, and have 29/234 hp.
You shake off some of the fire as you move.
The liquid fire burns you!
* * * LOW HITPOINT WARNING * * *
You take 14 damage, and have 15/234 hp.
You shake off some of the fire as you move.
The liquid fire burns you!
* * * LOW HITPOINT WARNING * * *
You take 11 damage, and have 4/234 hp.
You shake off some of the fire as you move.
The liquid fire burns you!
You die...

#......).................^#
##.....................^.### ###
#.^................#.....# ###..
#........)..#............###...#
##.......................^#.^..##
''^.................#..#^.#.#.#.#
''.)..†.....................#^...
'')...§....#.........^.<..##.....
##..............h........##.##..#
#...............#.#....^#....#^#
#...................^.......^###
###......^...^..........#..#^...^
# #.........#...........#..##^...
###..........^..^.......#..#...#.
.###.........?^^.......)#^....###
## #..^.....^......#....##......#
# #...........^.......^^.^.....#


There were no monsters in sight!

Vanquished Creatures
  A bone dragon (Swamp:4)
  Asterion (Spider:3)
  The ghost of Buiwea Hucos the Thaumaturge, an adept FoDe of Vehumet (Swamp:4)
  Aizul (Swamp:1)
  2 thorn hunters
  2 emperor scorpions (Spider:4)
  2 ghost moths
  An orc warlord (Orc:1)
  A broodmother (Spider:1)
  6 eleionomae
  Azrael (Orc:1)
  2 spark wasps (Spider:4)
  3 bunyips
  Snorg (D:13)
  2 blizzard demons (IceCv)
  3 ettins
  3 entropy weavers (Spider:3)
  2 shambling mangroves
  A jorogumo (Spider:1)
  6 ogre magi
  8 vault guards (D:14)
  4 alligators
  4 ghost crabs
  13 hydras
  A death knight (D:15)
  Erica (D:8)
  5 centaur warriors
  2 radroaches (Spider:3)
  A catoblepas (Lair:5)
  2 tengu warriors (D:15)
  3 boulder beetles
  The ghost of cforsyth the Thaumaturge, a journeyman DESu of Sif Muna (D:12)
  5 demonic crawlers
  11 two-headed ogres
  13 death yaks
  Urug (D:10)
  A deep troll shaman (Lair:5)
  2 occultists (D:15)
  5 skysharks
  A glowing orange brain (D:13)
  An obsidian statue (IceCv)
  7 pharaoh ants
  2 goliath frogs
  3 deep trolls (D:15)
  5 spriggan druids
  A death drake (Swamp:4)
  3 sun moths
  6 bog bodies
  2 swamp dragons
  10 orb spiders
  3 spectral hydras (Swamp:4)
  6 steelbarb worms
  An alligator zombie (Swamp:4)
  6 orc knights
  4 deep elf pyromancers
  9 spriggan simulacra (IceCv)
  Pikel (D:5)
  4 oklob plants (Lair:2)
  3 will-o-the-wisps
  3 phantasmal warriors
  An orc sorcerer (Orc:2)
  17 wolf spiders
  13 cyclopes
  4 manticores
  11 ugly things
  5 moths of wrath
  Maurice (D:8)
  12 elephants
  A kobold blastminer (Orc:1)
  The ghost of redkitty the Arsonist, a novice DEFE of Gozag (D:9)
  Joseph (D:10)
  7 torpor snails
  12 cane toads
  6 black mambas
  2 unseen horrors (D:11)
  4 swamp worm zombies (Swamp:4)
  5 rime drakes
  6 gargoyles
  A kobold demonologist (D:9)
  A komodo dragon (shapeshifter) (D:14)
  Jeremiah (D:8)
  15 komodo dragons
  2 freezing wraiths
  11 ice devils (IceCv)
  2 efreet
  4 yaktaurs (D:15)
  5 hydra zombies (Swamp:4)
  A tengu conjurer (D:15)
  A troll (shapeshifter) (D:15)
  A queen bee (shapeshifter) (D:15)
  10 trolls
  2 bloated husks (Swamp:4)
  A merfolk (shapeshifter) (D:15)
  A golden dragon simulacrum (IceCv)
  4 polar bears
  12 tyrant leeches
  19 tarantellas
  An alligator simulacrum (IceCv)
  15 hornets
  4 spectral swamp dragons (Swamp:4)
  17 dream sheep
  5 slime creatures (D:14)
  16 blink frogs
  Sigmund (D:5)
  2 shadows
  49 jumping spiders
  4 dire elephant simulacra (IceCv)
  74 yaks
  20 culicivoras
  11 spriggans
  3 water elementals (D:15)
  6 wyverns
  4 tyrant leech zombies (Swamp:4)
  3 wraiths
  Grum (D:8)
  2 vampires
  9 wargs (Orc:2)
  3 fire elementals
  8 minotaur simulacra (IceCv)
  71 redbacks
  A redback (shapeshifter) (D:15)
  9 basilisks
  5 vampire mosquitoes (Spider:4)
  3 steam dragons
  3 harpy simulacra (IceCv)
  17 swamp worms
  Duvessa (D:5)
  22 water moccasins
  A hell hound (Orc:1)
  2 acid dragons
  3 hydra simulacra (IceCv)
  18 orc warriors
  2 swamp dragon zombies (Swamp:4)
  A swamp drake (Swamp:2)
  A sky beast (D:7)
  5 black bears
  4 laughing skulls
  3 ice beasts
  A boggart (D:13)
  3 centaurs
  20 wolves
  9 ogres
  4 lemures (D:5)
  10 phantoms
  9 kobold brigands
  14 bullfrogs
  4 scorpions
  A brain worm (shapeshifter) (D:14)
  7 deep troll simulacra (IceCv)
  8 wights
  Dowan (D:5)
  9 killer bees
  2 lindwurm simulacra (IceCv)
  2 howler monkeys
  An electric eel (D:15)
  3 bombardier beetles
  6 hounds
  3 quasits (D:4)
  7 jellies
  14 orc priests
  A gnoll bouda (D:9)
  2 iguanas
  18 orc wizards
  Natasha (thrice) (D:3 D:2)
  10 hell rats
  7 adders
  8 gnolls
  4 river rats
  A shadow imp (D:7)
  A white imp (D:5)
  A howler monkey simulacrum (D:9)
  A dart slug (D:1)
  8 ribbon worms
  The ghost of DeathSocks the Sneak, a weakling VSDe (D:4)
  90 orcs
  14 ball pythons
  12 endoplasms
  2 giant cockroaches
  4 goblins
  8 hobgoblins
  4 jackals (D:1)
  4 quokkas
  6 bats
  7 frilled lizards
  27 kobolds
  16 rats
1237 creatures vanquished.

Vanquished Creatures (others)
  A tengu warrior (Swamp:4)
  An alligator zombie (Swamp:4)
  A tengu conjurer (Swamp:4)
  A tarantella (Spider:4)
  4 bloated husks (Swamp:4)
  3 tyrant leeches (Spider:4)
  A jumping spider (Spider:4)
  A culicivora (Spider:4)
  A phantom (Swamp:4)
  20 foxfires
34 creatures vanquished.

Grand Total: 1271 creatures vanquished

Notes
Turn   | Place    | Note
-------+----------+-------------------------------------------
     0 | D:1      | mdonais the Oni Gladiator began the quest for the Orb.
     0 | D:1      | Reached XP level 1. HP: 22/22 MP: 1/1
    51 | D:1      | Reached skill level 3 in Fighting
    51 | D:1      | Reached XP level 2. HP: 25/31 MP: 2/2
   233 | D:1      | Reached XP level 3. HP: 37/37 MP: 3/3
   931 | D:2      | Reached skill level 4 in Fighting
   995 | D:2      | Reached XP level 4. HP: 41/48 MP: 4/4
  1221 | D:2      | Found a faded altar of an unknown god.
  1481 | D:3      | Noticed Natasha
  1490 | D:3      | Killed Natasha
  1491 | D:3      | Reached XP level 5. HP: 35/55 MP: 5/5
  1640 | D:3      | Noticed Natasha
  1655 | D:3      | Reached skill level 5 in Fighting
  1671 | D:3      | Killed Natasha
  1873 | D:3      | Found a hazy altar of Hepliaklqana.
  2084 | D:3      | Noticed Natasha
  2381 | D:2      | Killed Natasha
  2382 | D:2      | Reached skill level 6 in Fighting
  2382 | D:2      | Reached XP level 6. HP: 67/67 MP: 6/6
  3145 | D:4      | Reached skill level 7 in Fighting
  3146 | D:4      | Reached XP level 7. HP: 35/78 MP: 3/7
  3530 | D:4      | Found a transporter.
  3532 | D:4      | Noticed DeathSocks's ghost (weakling VSDe)
  3548 | D:4      | Found a transporter.
  3614 | D:4      | Reached skill level 8 in Fighting
  3671 | D:5      | Entered Level 5 of the Dungeon
  3686 | D:5      | HP: 5/120 [ogre/+0 giant club (18)]
  3694 | D:5      | Reached skill level 5 in Throwing
  3695 | D:5      | Reached skill level 9 in Fighting
  3699 | D:5      | Reached XP level 8. HP: 30/92 MP: 2/8
  3792 | D:5      | Found a glowing drain.
  3815 | Sewer    | Entered a sewer
  4125 | Sewer    | Reached skill level 10 in Fighting
  5539 | D:5      | Reached skill level 5 in Maces & Flails
  5539 | D:5      | Reached skill level 1 in Stealth
  5709 | D:5      | Reached XP level 9. HP: 101/102 MP: 9/9
  5809 | D:5      | Noticed Pikel
  5862 | D:5      | Noticed Sigmund
  6377 | D:5      | Found a broken altar of Ashenzari.
  6382 | D:5      | Noticed Duvessa
  6382 | D:5      | Noticed Dowan
  6387 | D:5      | Killed Duvessa
  6388 | D:5      | Reached skill level 11 in Fighting
  6389 | D:5      | Killed Dowan
  6589 | D:5      | Killed Sigmund
  6788 | D:5      | Killed Pikel
  6806 | D:5      | Reached skill level 5 in Dodging
  7010 | D:6      | Identified the ring of Itaefec {rC++ MP+9 EV+5 Stlth-}
  7019 | D:6      | Found a glowing silver altar of Zin.
  7108 | D:6      | Reached skill level 12 in Fighting
  7280 | D:6      | Found a staircase to the Ecumenical Temple.
  7303 | Temple   | Entered the Ecumenical Temple
  7352 | Temple   | Became a worshipper of Warmaster Okawaru
  8171 | D:7      | Reached XP level 10. HP: 95/117 MP: 10/10
  8422 | D:7      | Reached * piety under Okawaru
  9043 | D:7      | Reached skill level 13 in Fighting
  9100 | D:7      | Found a shimmering blue altar of Sif Muna.
  9100 | D:7      | Found a snail-covered altar of Cheibriados.
  9101 | D:7      | Found a bloodstained altar of Trog.
  9282 | D:8      | Noticed Maurice
  9290 | D:8      | Maurice stole an amulet of faith
  9296 | D:8      | Paralysed by Maurice for 3 turns
  9298 | D:8      | Maurice stole 6 boomerangs
  9299 | D:8      | Maurice stole a +1 sling of draining
  9300 | D:8      | Maurice stole 182 gold
  9301 | D:8      | Maurice stole a beast talisman
  9302 | D:8      | Maurice stole 95 gold
  9433 | D:8      | Noticed Grum
  9437 | D:8      | Reached skill level 1 in Invocations
  9446 | D:8      | Killed Grum
  9463 | D:8      | Something stole 14 gold
  9466 | D:8      | Killed Maurice
  9749 | D:8      | Paralysed by an orc wizard for 2 turns
  9774 | D:8      | Found a staircase to the Lair.
  9792 | D:8      | Reached ** piety under Okawaru
  9903 | D:8      | Noticed Jeremiah
  9974 | D:8      | Killed Jeremiah
  9975 | D:8      | Reached skill level 1 in Evocations
 10012 | D:8      | Got the Grimoire of Flamy Conjuring
 10295 | D:8      | Found a sacrificial altar of Ru.
 10655 | D:9      | Noticed a kobold demonologist
 10663 | D:9      | Killed a kobold demonologist
 10666 | D:9      | Reached *** piety under Okawaru
 10773 | D:9      | Noticed a centaur warrior
 10781 | D:9      | Killed a centaur warrior
 10782 | D:9      | Reached skill level 14 in Fighting
 10782 | D:9      | Reached skill level 1 in Shapeshifting
 10782 | D:9      | Reached XP level 11. HP: 85/130 MP: 14/14
 10906 | D:9      | Noticed a centaur warrior
 10913 | D:9      | Killed a centaur warrior
 10926 | D:9      | Noticed a cyan ugly thing
 10934 | D:9      | Killed a cyan ugly thing
 11390 | D:9      | Reached **** piety under Okawaru
 11391 | D:9      | Reached skill level 15 in Fighting
 11496 | D:9      | Found a runed translucent gate.
 11496 | D:9      | Noticed redkitty's ghost (novice DEFE)
 11497 | D:9      | Found a runed translucent gate.
 11499 | D:9      | Found a runed translucent gate.
 12131 | D:10     | Entered Level 10 of the Dungeon
 12156 | D:10     | Reached skill level 16 in Fighting
 12352 | D:10     | Noticed Urug
 12363 | D:10     | Killed Urug
 12614 | D:10     | Reached ***** piety under Okawaru
 12665 | D:10     | Noticed a two-headed ogre
 12851 | D:10     | Killed a two-headed ogre
 12851 | D:10     | Received a gift from Okawaru
 12852 | D:10     | Reached skill level 17 in Fighting
 12857 | D:10     | Reached XP level 12. HP: 148/148 MP: 15/15
 12985 | D:10     | Found a staircase to the Orcish Mines.
 13106 | D:10     | Found a glowing golden altar of the Shining One.
 13376 | Lair:1   | Entered Level 1 of the Lair of Beasts
 13389 | Lair:1   | Reached skill level 1 in Armour
 13539 | Lair:1   | Noticed Erica
 13569 | D:8      | Killed Erica
 13774 | Lair:1   | Reached skill level 18 in Fighting
 13838 | Lair:1   | Received a gift from Okawaru
 14358 | Lair:1   | Received a gift from Okawaru
 14502 | Lair:1   | Noticed a death yak
 14524 | Lair:1   | Reached skill level 10 in Throwing
 14533 | Lair:1   | Noticed a death yak
 14533 | Lair:1   | Noticed a death yak
 14568 | Lair:1   | Reached skill level 19 in Fighting
 14575 | Lair:1   | Killed a death yak
 14704 | Lair:1   | Noticed a death yak
 14762 | Lair:1   | Killed a death yak
 14767 | Lair:1   | Reached XP level 13. HP: 163/163 MP: 16/16
 14850 | Lair:1   | Received a gift from Okawaru
 14868 | Lair:1   | Reached skill level 20 in Fighting
 14893 | Lair:1   | Reached skill level 5 in Invocations
 15850 | Lair:2   | Identified the +2 pair of boots of the Equator {Will+
                  | Dex+2}
 16150 | Lair:2   | Found a staircase to the Swamp.
 16150 | Lair:2   | Noticed an eleionoma
 16154 | Lair:2   | Killed an eleionoma
 16205 | Lair:2   | Reached ****** piety under Okawaru
 16205 | Lair:2   | Received a gift from Okawaru
 16206 | Lair:2   | Reached skill level 10 in Maces & Flails
 16207 | Lair:2   | Acquired +2 pearl dragon scales
 16207 | Lair:2   | Received a gift from Okawaru
 16219 | Lair:2   | Acquired the +3 eveningstar "Yto Peus" {protect, rPois
                  | rCorr Stlth+}
 16219 | Lair:2   | Received a gift from Okawaru
 16806 | Lair:3   | Found a hole to the Spider Nest.
 17088 | Lair:3   | Reached skill level 5 in Armour
 17174 | Lair:3   | Received a gift from Okawaru
 17345 | Lair:3   | Reached XP level 14. HP: 164/175 MP: 19/19
 18036 | Lair:4   | Received a gift from Okawaru
 18517 | Lair:4   | Received a gift from Okawaru
 18745 | Lair:4   | Found the +10 tower shield of Ignorance {rN+ Int-4}
 18813 | Lair:4   | Received a gift from Okawaru
 19437 | Orc:1    | Entered Level 1 of the Orcish Mines
 19628 | D:4      | Killed DeathSocks's ghost
 19632 | D:4      | Identified the +7 dagger "Widowmaker" {antimagic, Str+6}
 19798 | D:9      | Killed redkitty's ghost
 20180 | D:10     | Noticed Joseph
 20198 | D:10     | Killed Joseph
 20209 | D:10     | Received a gift from Okawaru
 20537 | D:11     | Reached skill level 1 in Shields
 20593 | D:11     | Reached skill level 5 in Shields
 21437 | Orc:1    | Received a gift from Okawaru
 21604 | Orc:1    | Noticed an orc warlord
 21617 | Orc:1    | Killed an orc warlord
 21802 | Orc:2    | Entered Level 2 of the Orcish Mines
 21802 | Orc:2    | Noticed Azrael
 21815 | Orc:1    | Killed Azrael
 22125 | Orc:2    | Found a roughly hewn altar of Beogh.
 22132 | Orc:2    | Reached XP level 15. HP: 183/183 MP: 20/20
 22215 | Orc:2    | Found a staircase to the Elven Halls.
 22297 | Orc:2    | Received a gift from Okawaru
 22316 | Orc:2    | Reached skill level 10 in Shields
 22534 | Orc:2    | Found Luydyz's Magic Scroll Shop.
 22553 | Orc:2    | Received a gift from Okawaru
 22574 | Orc:2    | Found Zitygrica's Distillery.
 22772 | Orc:2    | Found Omirogeh's Book Boutique.
 22774 | Orc:2    | Found Jarhafel's Jewellery Shop.
 22902 | Orc:2    | Found a roughly hewn altar of Beogh.
 23071 | Orc:2    | Bought a scroll of identify for 24 gold pieces
 23071 | Orc:2    | Bought a scroll of poison for 48 gold pieces
 23071 | Orc:2    | Bought a scroll of immolation for 48 gold pieces
 23071 | Orc:2    | Bought a scroll of identify for 24 gold pieces
 23084 | Orc:2    | Bought a potion of resistance for 130 gold pieces
 23084 | Orc:2    | Bought a potion of cancellation for 104 gold pieces
 23084 | Orc:2    | Bought a potion of curing for 39 gold pieces
 23185 | D:12     | Noticed cforsyth's ghost (journeyman DESu)
 23637 | D:12     | Found a transporter.
 23639 | D:12     | Found a transporter.
 23752 | D:12     | Identified the +7 flail of Valiance {freeze, *Noise Str+7}
 23990 | D:12     | Found a bloodstained altar of Trog.
 24321 | D:13     | Received a gift from Okawaru
 24478 | D:13     | You fall into a shaft and drop 2 floors!
 24478 | D:15     | Entered Level 15 of the Dungeon
 25097 | D:15     | Noticed a rockslime
 25098 | D:15     | Found a runed translucent gate.
 25098 | D:15     | Noticed an acid blob
 25099 | D:15     | Found a runed translucent gate.
 25099 | D:15     | Noticed an acid blob
 25099 | D:15     | Noticed Boicepta's ghost (journeyman DsGl)
 25100 | D:15     | Found a runed translucent gate.
 25102 | D:15     | Found a viscous altar of Jiyva.
 25396 | D:15     | Identified the +1 short sword of Rostesiu {venom, Will+}
 25431 | D:15     | Found a staircase to the Depths.
 26200 | D:14     | Reached XP level 16. HP: 192/192 MP: 22/22
 26237 | D:14     | Received a gift from Okawaru
 26334 | D:14     | Found a gate to the Vaults.
 26949 | D:14     | Received a gift from Okawaru
 27726 | D:13     | Noticed Snorg
 27731 | D:13     | Killed Snorg
 28175 | D:13     | Reached skill level 10 in Armour
 28197 | D:13     | Received a gift from Okawaru
 28219 | D:13     | Identified the staff of the Sufficient God {*Corrode rF+
                  | Dex+9 Fire}
 28382 | D:12     | Killed cforsyth's ghost
 28551 | Spider:1 | Entered Level 1 of the Spider Nest
 28860 | Spider:1 | Reached skill level 21 in Fighting
 29432 | Spider:1 | Received a gift from Okawaru
 30082 | Spider:2 | Reached skill level 22 in Fighting
 30402 | Spider:2 | Received a gift from Okawaru
 30403 | Spider:2 | Reached XP level 17. HP: 208/208 MP: 0/23
 31124 | Spider:3 | Reached skill level 15 in Throwing
 31574 | Spider:3 | Received a gift from Okawaru
 31591 | Spider:3 | Identified the +2 robe of the Special Princes {Int+3 Slay-3
                  | SInv}
 32289 | Lair:5   | Entered Level 5 of the Lair of Beasts
 32543 | Lair:5   | Reached skill level 5 in Shapeshifting
 32573 | Lair:5   | Found a viscous altar of Jiyva.
 32583 | Lair:5   | Found a staircase to the Slime Pits.
 32866 | Lair:5   | Received a gift from Okawaru
 33710 | Lair:5   | Identified the +6 plate armour of the Desert {rCorr Int+2}
 33945 | Swamp:1  | Entered Level 1 of the Swamp
 33980 | Swamp:1  | Found a glacial archway.
 34098 | IceCv    | Entered an ice cave
 34435 | IceCv    | Received a gift from Okawaru
 34886 | IceCv    | Reached XP level 18. HP: 187/218 MP: 24/24
 35564 | Swamp:1  | Received a gift from Okawaru
 35745 | Swamp:1  | Identified the serpent talisman of Puetzuath {rC+ Will+
                  | Stlth+}
 35745 | Swamp:1  | Noticed Aizul
 35753 | Swamp:1  | Killed Aizul
 36601 | Swamp:2  | Received a gift from Okawaru
 37508 | Swamp:4  | Entered Level 4 of the Swamp
 37773 | Swamp:4  | Found the +2 hat of the Bear Spirit {Spirit, Bear, *Rage
                  | Will++}
 37936 | Swamp:4  | Found a runed translucent door.
 37936 | Swamp:4  | Noticed Buiwea Hucos's ghost (adept FoDe)
 38635 | Swamp:4  | Reached skill level 23 in Fighting
 38885 | Swamp:4  | Received a gift from Okawaru
 39109 | Swamp:4  | Noticed a bone dragon
 39127 | Swamp:4  | Killed a bone dragon
 39173 | Swamp:4  | Got a decaying rune of Zot
 39328 | Swamp:4  | Killed Buiwea Hucos's ghost
 39708 | Spider:4 | Entered Level 4 of the Spider Nest
 39924 | Spider:4 | Reached XP level 19. HP: 228/231 MP: 25/25
 39994 | Spider:4 | Received a gift from Okawaru
 41077 | Spider:4 | Reached skill level 24 in Fighting
 41082 | Spider:4 | Noticed Asterion
 41083 | Spider:4 | Received a gift from Okawaru
 41097 | Spider:3 | Killed Asterion
 41302 | Spider:4 | Reached skill level 15 in Shields
 41860 | Spider:4 | HP: 3/234 [burnt (12)]
 41861 | Spider:4 | Incinerated by a sun moth

Illustrated notes

Levels and vault maps discovered:
D:1:      lordsloth_arrival_two_stooges, layout_rooms, lexackson_kobold_supper
D:2:      layout_rooms, basic_ecumenical_altar, minmay_tromino_v7
D:3:      layout_loops_cross, nzn_hepliaklqana_mist_gate, grunt_decor_fettered,
          uniq_natasha
D:4:      layout_rooms, gammafunk_ghost_stat_death
D:5:      layout_gridville, general_overflow_altar,
          cheibrodos_sewer_entry_sluice, minmay_manual_mess, uniq_sigmund,
          uniq_pikel, uniq_duvessa
D:6:      layout_basic, lemuel_crystal_altar, minmay_temple_entry_grid
D:7:      layout_loops_cross, gammafunk_temple_overflow_forgotten
D:8:      layout_loops_ring, nicolae_ru_the_path_less_chosen, lair_entry_dummy,
          uniq_maurice, uniq_grum, uniq_jeremiah
D:9:      lemuel_ice_spiral_2, layout_rooms, gammafunk_ghost_split,
          nicolae_two_hexagons, kb_rosetta
D:10:     layout_cave_pools, tso_metal_star, orc_0_dummy, st_stairs_8,
          dk_noncrumbling_3, evilmike_minifort, uniq_joseph, uniq_urug
D:11:     layout_loops_ring
D:12:     layout_loops_corners, gammafunk_ghost_wrathful_warriors
D:13:     layout_stronghold, onia_ninara_dug_in_and_dangerous, uniq_snorg
D:14:     layout_layer_cave, erik_vaults_2, kennysheep_flooded_box,
          minmay_shattered_shrine
D:15:     kennysheep_seaside_town, layout_loops_ring, gammafunk_ghost_ooze,
          serial_park_fountain
Temple:   compressed_dpeg_circular_temple
Lair:1:   layout_gridlike, cheibrodos_lair_reptile_den, grunt_megastairs_1,
          uniq_erica
Lair:2:   minmay_lair_oklob_tunnel, layout_cave_pods,
          alex1729_swamp_entry_worm_eleionoma
Lair:3:   layout_regular_city, spider_nest_entry_web_field,
          grunt_forest_stairs_basic, grunt_forest_large_clearings
Lair:4:   nzn_winding_woodlands_stair_trap [nzn_winding_woodlands_5x15_pockets,
          nzn_winding_woodlands_5x15_zeroes, nzn_winding_woodlands_5x15_parted,
          nzn_winding_woodlands_15x15_five_gardens,
          nzn_winding_woodlands_5x15_jagged,
          nzn_winding_woodlands_5x15_concentric,
          nzn_winding_woodlands_5x15_garden], layout_loops_ring
Lair:5:   grunt_lair_end_beastmaster, layout_gridlike, slime_entry_2
Swamp:1:  layout_falls_marsh, portal_ice_cave_entry_pillars_three,
          nicolae_swamp_dense_foliage, hangedman_swamp_wriggling, uniq_aizul
Swamp:2:  layout_basic_swamp, evilmike_swamp_ruin_house_1, swamp_pool_3
Swamp:3:  layout_basic_swamp, evilmike_swamp_ruin_house_2,
          nicolae_swamp_decorative_isthmus, infiniplex_staircase_pool
Swamp:4:  swamp_pestilence, layout_basic_swamp, hellmonk_ghost_happy_afterlife,
          swamp_pool_4, nicolae_swamp_small_spring, kb_tengu_band
Spider:1: layout_spider_delve, nicolae_spider_circle_web, drop_trap
Spider:2: layout_cave_pods
Spider:3: layout_spider_delve
Spider:4: spider_rune_water, hangedman_spider_mandibles,
          nicolae_spider_swamp_cousins, uniq_asterion
Orc:1:    layout_diamond_mine, minmay_orc_barracks
Orc:2:    st_orc_town, layout_diamond_mine, minmay_orc_temple_a, uniq_azrael

Skill      XL: |  1  2  3  4  5  6  7  8  9 10 11 12 13 14 15 16 17 18 19 |
---------------+----------------------------------------------------------+-----
Fighting       | 3 4 6 7 9 10 12 14 17 19 20 22 23 24 | 24.1
Throwing       | 3 4 5 6 8 10 12 13 14 16 17 | 17.1
Maces & Flails | 4 5 6 8 10 11 12 | 12.0
Dodging        | 3 5 6 |  6.0
Stealth        | 1 2 |  2.0
Invocations    | 4 7 8 |  8.0
Evocations     | 2 |  2.0
Shapeshifting  | 1 3 7 |  7.0
Armour         | 3 6 8 10 11 | 11.0
Shields        | 7 12 13 14 15 | 15.0

Action                     |  1- 3 |  4- 6 |  7- 9 | 10-12 | 13-15 | 16-18 | 19-21 || total
---------------------------+-------+-------+-------+-------+-------+-------+-------++-------
  Melee: Flail             |   182 |   163 |   232 |       |       |       |       ||   577
         Headbutt          |    40 |    17 |    63 |    92 |   211 |   336 |    62 ||   821
         Giant club        |       |       |   103 |   409 |    66 |       |       ||   578
         Eveningstar       |       |       |       |       |   776 |  1161 |   237 ||  2174
  Throw: Large rock        |       |     4 |       |       |    66 |   319 |    32 ||   421
         Throwing net      |       |     1 |     2 |       |       |       |       ||     3
         Boomerang         |       |     9 |    32 |    47 |   195 |    48 |       ||   331
         Dart              |       |       |    13 |    20 |       |       |       ||    33
         Javelin           |       |       |       |    36 |    23 |     6 |       ||    65
 Invoke: Heroism           |       |       |       |     7 |    13 |    12 |     7 ||    39
         Receive Weapon    |       |       |       |       |     1 |       |       ||     1
         Receive Armour    |       |       |       |       |     1 |       |       ||     1
  Evoke: Wand              |       |       |     3 |     4 |       |     1 |       ||     8
         Tin of tremorston |       |       |       |       |       |       |     2 ||     2
    Use: Potion            |       |     1 |     5 |     3 |     3 |       |     2 ||    14
         Scroll            |       |       |     4 |     2 |    10 |    10 |     2 ||    28
   Stab: Sleeping          |     1 |     1 |       |       |       |       |       ||     2
         Paralysed         |       |       |     9 |     2 |       |       |       ||    11
         Held in net/web   |       |       |     1 |       |       |       |       ||     1
         Petrified         |       |       |       |       |       |     1 |       ||     1
 Armour: Robe              |    63 |   147 |   288 |   228 |       |       |       ||   726
         Skin              |       |    21 |    66 |    18 |       |       |       ||   105
         Troll leather arm |       |       |       |    96 |    70 |       |       ||   166
         Pearl dragon scal |       |       |       |       |   420 |   651 |   251 ||  1322
  Dodge: Dodged            |    55 |    98 |   181 |   342 |   257 |   297 |   160 ||  1390
  Block: Tower shield      |       |       |       |       |   500 |  1864 |   533 ||  2897
   Form: Beast             |       |       |       |     1 |       |     2 |       ||     3
                           |       |       |       |       |     1 |     1 |       ||     2

Table legend: (Time is in decaauts)
 A = Elapsed time spent in this place.
 B = Non-inter-level travel time spent in this place.
 C = Inter-level travel time spent in this place.
 D = Time resting spent in this place.
 E = Time spent auto-exploring this place.
 F = Levels seen in this place.
 G = Mean time per level.
                   A        B        C        D        E       F      G
               +--------+--------+--------+--------+--------+-----+--------+
         Total |  42293 |  39743 |   2550 |   4589 |  25551 |  33 | 1281.6 |
       Dungeon |  20140 |  18775 |   1365 |   2322 |  12306 |  15 | 1342.7 |
        Temple |     83 |     16 |     67 |      0 |     15 |   1 |   83.0 |
          Lair |   7811 |   7242 |    569 |    432 |   5065 |   5 | 1562.2 |
         Swamp |   4385 |   4176 |    209 |    475 |   2672 |   4 | 1096.2 |
   Spider Nest |   5753 |   5533 |    220 |    760 |   3440 |   4 | 1438.2 |
  Orcish Mines |   1789 |   1671 |    118 |    119 |    949 |   2 |  894.5 |
         Sewer |   1014 |   1014 |      0 |    169 |    538 |   1 | 1014.0 |
      Ice Cave |   1315 |   1315 |      0 |    310 |    566 |   1 | 1315.0 |
               +--------+--------+--------+--------+--------+-----+--------+

Top non-repeatable levels by time:
     D:9: 2596 daAuts
 Swamp:4: 2053 daAuts
  Lair:1: 1964 daAuts
Spider:4: 1957 daAuts
     D:5: 1898 daAuts
  Lair:4: 1598 daAuts
    D:15: 1563 daAuts
    D:14: 1522 daAuts
     D:8: 1510 daAuts
  Lair:5: 1476 daAuts
  Lair:2: 1438 daAuts
     D:3: 1344 daAuts
  Lair:3: 1333 daAuts
Spider:2: 1331 daAuts
     D:7: 1329 daAuts
